 Dungeon Crawl Stone Soup version 0.31.0-11-ge490571c62 (webtiles) character file.

Game seed: 13214707416867269553

9 qw the Shooter (level 2, 0/16 HPs)
             Began as a Deep Elf Hunter on Feb 3, 2024.
             Slain by a gnoll
             ... wielding a +0 spear
              (7 damage)
             ... on level 1 of the Dungeon.
             The game lasted 00:00:00 (263 turns).

qw the Shooter (Deep Elf Hunter)                     Turns: 263, Time: 00:00:01

Health: 0/16       AC:  3    Str:  8    XL:     2   Next: 3%
Magic:  4/4        EV: 12    Int: 13    God:
Gold:   11         SH:  0    Dex: 18    Spells: 1/1 levels left

rFire   . . .        a - +0 shortbow
rCold   . . .        (shield currently unavailable)
rNeg    . . .        c - +0 leather armour
rPois   .            (no helmet)
rElec   .            (no cloak)
rCorr   .            (no gloves)
SInv    .            (no boots)
Will    .....        (no amulet)
Stlth   ++           (no ring)
HPRegen 0.22/turn    (no ring)
MPRegen 0.09/turn

%: no passive effects
@: no status effects
A: no striking features
a: no special abilities


You were on level 1 of the Dungeon.
You visited 1 branch of the dungeon, and saw 1 of its levels.

You collected 11 gold pieces.


   Skills:
 - Level 1.5 Fighting
 + Level 6.0 Ranged Weapons
 - Level 2.4 Dodging
 - Level 1.2 Stealth


You had one spell level left.
You didn't know any spells.
Your spell library was empty.

Inventory:

Hand Weapons
 a - a +0 shortbow (weapon)
Armour
 c - a +0 leather armour (worn)
Scrolls
 b - a scroll of butterflies
 g - a scroll of teleportation {unknown}
Potions
 d - a potion of degeneration {unknown}
 e - 2 potions of mutation {unknown}
 f - a potion of heal wounds {unknown}
 h - a potion of curing {unknown}

Dungeon Overview and Level Annotations

Branches:
Dungeon (1/15)

Altars:


Message History

Enter note:
g - a scroll labelled WULOIKO TEURU
h - a puce potion A frilled lizard comes into view.
You see here a book of Displacement.
You shoot an arrow. The arrow hits the frilled lizard.
The frilled lizard is heavily wounded.
You shoot an arrow.
The arrow closely misses the frilled lizard.
You shoot an arrow.
The arrow barely misses the frilled lizard.
Found 11 gold pieces.
You shoot an arrow. The arrow hits the frilled lizard.
You kill the frilled lizard!
You now have 11 gold pieces.
An endoplasm, a kobold and a gnoll come into view.
Found a yellow potion.
The endoplasm quivers.
You shoot an arrow. The arrow hits the endoplasm!
You kill the endoplasm!
The kobold shouts!
The gnoll shouts!
Your Ranged Weapons skill increases to level 6!
You have reached level 2!
You shoot an arrow.
The arrow hits the gnoll but does no damage.
The kobold throws a stone.
The stone hits you.
You shoot an arrow. The arrow barely misses the gnoll.
You shoot an arrow. The arrow hits the gnoll.
The gnoll is lightly wounded.
A rat comes into view.
You shoot an arrow. The arrow barely misses the gnoll.
The gnoll hits you from afar with a +0 spear!
Ouch! That really hurt!
A hobgoblin comes into view.
You shoot an arrow. The hobgoblin shouts!
The arrow hits the gnoll.
The gnoll is heavily wounded.
The gnoll hits you from afar with a +0 spear!
You die...

#!g ### #.# #.#
#+.# ## #.# #..#
... #.# #..# ....
#.#.#.K##.....
#.#.....g...r.
#.# #@# #.# #.#
###.####.#
#........#
#.###........#
#...........####
#.###............
####........###
..##........##


You could see a gnoll, a hobgoblin, a kobold and a rat.

Vanquished Creatures
  A ball python (D:1)
  A bat (D:1)
  2 endoplasms (D:1)
  A goblin (D:1)
  2 frilled lizards (D:1)
  A rat (D:1)
8 creatures vanquished.

Notes
Turn   | Place    | Note
-------+----------+-------------------------------------------
     0 | D:1      | qw the Deep Elf Hunter began the quest for the Orb.
     0 | D:1      | Reached XP level 1. HP: 12/12 MP: 3/3
     0 | D:1      | 0 ||| qw: Version: 0.3-a-157-g843a77d
     0 | D:1      | 0 ||| qw: Game counter: 3827
     0 | D:1      | 0 ||| qw: Melee chars always use a shield: true
     0 | D:1      | 0 ||| qw: God list: Okawaru
     0 | D:1      | 0 ||| qw: Allow faded altars: false
     0 | D:1      | 0 ||| qw: Do Orc after clearing Dungeon:15 true
     0 | D:1      | 0 ||| qw: Do second Lair branch before Depths: true
     0 | D:1      | 0 ||| qw: Lair rune preference: random
     0 | D:1      | 0 ||| qw: Goals: Normal
     0 | D:1      | 0 ||| PLANNING D:1-11
   259 | D:1      | Reached skill level 6 in Ranged Weapons
   259 | D:1      | Reached XP level 2. HP: 16/16 MP: 4/4
   263 | D:1      | Slain by a gnoll

Levels and vault maps discovered:
D:1:      erik_arrival_triangle_small, layout_loops_ring,
          hellmonk_ecumenical_altar_slurped_away

Skill      XL: |  1 |
---------------+----+-----
Ranged Weapons | 6 |  6.0
Fighting       | |  1.5
Dodging        | |  2.4
Stealth        | |  1.2

Action                     || total
---------------------------++-------
   Fire: Shortbow          ||    25
 Armour: Leather armour    ||     6
  Dodge: Dodged            ||     2

Table legend:
 A = Non-vault XP
 B = Vault XP
 C = Vault XP percentage of total XP
 D = Non-vault monster count
 E = Vault monster count
 F = Vault count percentage of total count
                 A         B        C        D         E       F
            +---------+---------+-------+---------+---------+-------
      Total |      13 |       0 |   0.0 |       8 |       0 |   0.0
            +---------+---------+-------+---------+---------+-------
        D:1 |      13 |       0 |   0.0 |       8 |       0 |   0.0
            +---------+---------+-------+---------+---------+-------
